 Dungeon Crawl Stone Soup version 0.25-b1-23-ge2ad7d536c (webtiles) character file.

Game seed: 4303757138264015770, levelgen mode: deterministic

6822 Esekla the Cleaver (level 11, -17/91 (92) HPs)
             Began as a Ghoul Air Elementalist on June 1, 2020.
             Was a Priest of Qazlal.
             Demolished by a polar bear (21 damage)
             ... on level 9 of the Dungeon.
             The game lasted 01:15:53 (9348 turns).

Esekla the Cleaver (Ghoul Air Elementalist)         Turns: 9348, Time: 01:15:54

HP:   -17/91 (92)   AC: 10    Str: 15    XL:     11   Next: 5%
MP:   12/12         EV: 16    Int:  7    God:    Qazlal [***...]
Gold: 440           SH:  4    Dex: 10    Spells: 12/13 levels left

rFire    . . .     SeeInvis .   f - +1 scimitar (flame)
rCold    + . .     Gourm    .   (no shield)
rNeg     + + +     Faith    .   G - +0 ring mail of Kleptomania {+Blink Regen+ Int-3}
rPois    ∞         Spirit   .   m - +1 helmet
rElec    .         Reflect  .   s - +0 cloak
rCorr    +         Harm     .   b - +0 pair of gloves
MR       .....                  (no boots)
Stlth    +.........             (no amulet)
HPRegen  0.00/turn              l - +4 ring of evasion
MPRegen  0.13/turn              C - ring of resist corrosion

@: very slightly contaminated, rotting
A: rotting body, claws 1, carnivore, cold resistance 1, negative energy
resistance 3, inhibited regeneration, torment resistance, unbreathing
a: Upheaval, Elemental Force, Renounce Religion, Evoke Blink


You were on level 9 of the Dungeon.
You worshipped Qazlal.
Qazlal was most pleased with you.
You were not hungry.

You visited 2 branches of the dungeon, and saw 10 of its levels.
You also visited: Ossuary.

You collected 656 gold pieces.
You spent 216 gold pieces at shops.

Inventory:

Hand Weapons
 a - the +3 war axe of Qaatu {drain, *Contam rF+ SInv}
   (You took it off an orc on level 5 of the Dungeon)

   A truly terrible weapon, it drains the life of those it strikes.
   It protects you from fire.
   It lets you see invisible.
   It causes magical contamination when unequipped.
 f - a +1 scimitar of flaming (weapon)
 n - a +0 war axe
 v - a +1 vampiric scimitar
Missiles
 z - 5 boomerangs
 A - 24 poisoned darts (quivered)
Armour
 b - a +0 pair of gloves (worn)
 m - a +1 helmet (worn)
 s - a +0 cloak (worn)
 G - the +0 ring mail of Kleptomania (worn) {+Blink Regen+ Int-3}
   (You bought it in a shop on level 6 of the Dungeon)

   It affects your intelligence (-3).
   It lets you blink.
   It increases your rate of regeneration.
Jewellery
 l - a +4 ring of evasion (left hand)
 y - an uncursed ring of fire
 B - a +6 ring of intelligence
 C - a ring of resist corrosion (right hand)
 J - a +6 ring of intelligence
Wands
 I - a wand of acid (11)
 K - a wand of flame (9)
 L - a wand of random effects (16)
Scrolls
 d - 3 scrolls of identify
 e - a scroll of enchant armour
 j - 3 scrolls of remove curse
 k - a scroll of fear
 q - a scroll of random uselessness {unknown}
 r - a scroll of amnesia {unknown}
 t - a scroll of blinking
 u - a scroll of teleportation
 w - a scroll of magic mapping
 E - a scroll of enchant weapon {unknown}
 H - a scroll of fog {unknown}
Potions
 g - 5 potions of haste
 h - 3 potions of ambrosia
 i - 10 potions of curing
 o - 4 potions of stabbing
 p - a potion of heal wounds {unknown}
 x - a potion of might {unknown}
 D - a potion of lignification {unknown}
 F - 2 potions of resistance {unknown}
 M - a potion of magic {unknown}
Comestibles
 c - 18 rations


   Skills:
 * Level 7.2 Fighting
 * Level 1.8 Long Blades
 + Level 10.1 Axes
 + Level 0.6 Throwing
 + Level 4.0 Armour
 + Level 4.6 Dodging
 - Level 2.1 Stealth
 - Level 6.6 Unarmed Combat
 + Level 1.7 Spellcasting
 - Level 0.7 Conjurations
 - Level 2.4 Air Magic
 * Level 3.6 Evocations


You had 12 spell levels left.
You knew the following spells:

 Your Spells              Type           Power        Failure   Level  Hunger
a - Shock                 Conj/Air       #...         36%         1    ##.....

Your spell library contained the following spells:

 Spells                   Type           Power        Failure   Level  Hunger
 Swiftness                Chrm/Air       #.......     56%         2    ###....
 Animate Skeleton         Necr           N/A          58%         1    ##.....
 Pain                     Necr           #...         58%         1    ##.....
 Static Discharge         Conj/Air       #.......     75%         3    ####...
 Vampiric Draining        Necr           #.........   91%         3    ####...
 Airstrike                Air            #.........   95%         4    #####..
 Animate Dead             Necr           N/A          100%        4    #####..
 Agony                    Necr           #.......     100%        5    ######.
 Lightning Bolt           Conj/Air       #.........   100%        5    ######.


Dungeon Overview and Level Annotations

Branches:
Dungeon (9/15)             Temple (1/1) D:4         Ossuary (visited)
   Lair: D:8-11         Orc: D:9-12

Altars:
Ashenzari
Cheibriados
Elyvilon
Fedhas
Gozag
Hepliaklqana
Kikubaaqudgha
Makhleb
Nemelex Xobeh
Qazlal
Ru
Sif Muna
Trog
Uskayaw
Vehumet
Wu Jian
Xom
Yredelemnul
Zin
The Shining One

Shops:
D:6 (:}[   D:8 }

Annotations:
D:5 3 runed translucent doors, Esekla's ghost, amateur NaNe


Innate Abilities, Weirdness & Mutations

Your body is rotting away.
You thrive on raw meat.
You are immune to poison.
You have sharp fingernails.
You are carnivorous and can eat meat at any time.
Your flesh is cold resistant. (rC+)
You are immune to negative energy. (rN+++)
You do not regenerate when monsters are visible.
You are immune to unholy pain and torment.
You can survive without breathing.


Message History

The polar bear is engulfed in freezing vapours.
The polar bear goes berserk!
The black bear bites you.
* * * LOW HITPOINT WARNING * * *
The black bear completely misses you.
The black bear claws you but does no damage.
The polar bear is engulfed in freezing vapours.
The polar bear bites you!
* * * LOW HITPOINT WARNING * * *
The polar bear closely misses you.
The polar bear claws you but does no damage.
You blink.
You feel slightly more hungry.
The polar bear is engulfed in freezing vapours.
The polar bear rages.
Found 2 rations.
The polar bear is engulfed in freezing vapours.
The polar bear bites you but does no damage.
The polar bear claws you but does no damage. x2
You see here a ration.
The polar bear bites you!!
You die...

###.......#
..........##
.###..8....## .#
#........##
####.#.......########
###...##.............
......).............
###...%........☼%#
##...P%..°....@#
#..........Ph.##
##.%.....h%....#
##.#.#''#.#.#.#
#####..#####.# #....
.# +....+ .# #....#
.# ######


You could see a polar bear (berserk) and a black bear.

Vanquished Creatures
  Harold (D:8)
  Erica (D:8)
  A two-headed ogre (D:8)
  Prince Ribbit (D:7)
  2 trolls
  Grinder (D:4)
  A hungry ghost (D:9)
  Menkaure (D:5)
  Duvessa (D:6)
  2 sky beasts
  3 ice beasts
  2 orc warriors
  2 black bears (D:7)
  A wolf (D:9)
  2 phantoms (D:8)
  4 ogres
  A crocodile (D:9)
  A big kobold (D:9)
  A bullfrog (D:7)
  A gnoll sergeant (D:9)
  3 scorpions
  Dowan (D:6)
  A howler monkey (D:4)
  2 centaur zombies
  4 crimson imps
  A human zombie (Ossuary)
  A quasit (D:7)
  3 hounds
  2 orc priests
  2 centaur skeletons
  2 jellies
  13 orc wizards
  A gnoll shaman (D:4)
  A bullfrog skeleton (D:6)
  2 iguanas
  Ijyb (D:5)
  8 worker ants
  A hound skeleton (D:4)
  2 mummies (Ossuary)
  15 gnolls
  17 adders
  A shadow imp (D:7)
  2 white imps (D:9)
  3 ufetubi (D:9)
  3 adder zombies (Ossuary)
  4 worms
  An adder skeleton (D:5)
  7 dart slugs
  An adder simulacrum (D:9)
  3 leopard geckos
  19 orcs
  6 giant cockroaches
  6 goblins
  9 hobgoblins
  9 jackals
  3 quokkas
  10 bats
  7 frilled lizards
  11 hobgoblin zombies (Ossuary)
  A jackal simulacrum (D:9)
  2 jackal zombies (Ossuary)
  6 kobolds
  12 kobold zombies (Ossuary)
  4 orc zombies (Ossuary)
  A quokka skeleton (D:6)
  11 rats
  2 rat zombies (Ossuary)
257 creatures vanquished.

Notes
Turn   | Place    | Note
-------+----------+-------------------------------------------
     0 | D:1      | Esekla the Ghoul Air Elementalist began the quest for the
                  | Orb.
     0 | D:1      | Reached XP level 1. HP: 14/14 MP: 2/2
   212 | D:2      | Reached skill level 1 in Fighting
   212 | D:2      | Reached skill level 1 in Unarmed Combat
   212 | D:2      | Reached XP level 2. HP: 6/23 MP: 0/3
   561 | D:3      | Reached XP level 3. HP: 4/29 MP: 1/4
   968 | D:2      | Reached XP level 4. HP: 17/36 MP: 3/5
  1100 | D:2      | Noticed an ogre
  1608 | D:4      | Reached XP level 5. HP: 16/41 MP: 6/6
  1675 | D:4      | Found a sand-covered staircase.
  1681 | Ossuary  | Entered an ossuary
  2218 | Ossuary  | Reached XP level 6. HP: 34/50 MP: 3/7
  2280 | D:4      | Reached skill level 5 in Unarmed Combat
  2423 | D:4      | Noticed a moth of wrath
  2425 | D:4      | Noticed Grinder
  2540 | D:4      | Found a glowing golden altar of the Shining One.
  2713 | D:4      | Found a staircase to the Ecumenical Temple.
  3260 | D:4      | Reached XP level 7. HP: 56/56 MP: 8/8
  3312 | D:5      | Entered Level 5 of the Dungeon
  3410 | D:5      | Identified the +3 war axe of Qaatu {drain, *Contam rF+
                  | SInv}
  3493 | D:5      | Found a runed translucent gate.
  3493 | D:5      | Found a runed translucent gate.
  3493 | D:5      | Found a runed translucent gate.
  3494 | D:5      | Noticed Esekla's ghost (amateur NaNe)
  3577 | Temple   | Entered the Ecumenical Temple
  3711 | Temple   | Became a worshipper of Qazlal Stormbringer
  4289 | D:2      | Reached skill level 1 in Axes
  4289 | D:2      | Reached skill level 1 in Armour
  4511 | D:2      | Reached * piety under Qazlal
  4831 | D:4      | Found a bloodstained altar of Trog.
  4834 | D:4      | Paralysed by Grinder for 6 turns
  4840 | D:4      | Killed Grinder
  4840 | D:4      | Reached skill level 3 in Axes
  4840 | D:4      | Reached XP level 8. HP: 37/66 MP: 9/9
  5041 | D:5      | Found a blossoming altar of Fedhas.
  5041 | D:5      | Noticed Ijyb
  5145 | D:5      | Killed Ijyb
  5147 | D:5      | Reached skill level 4 in Axes
  5247 | D:5      | Noticed Menkaure
  5278 | D:5      | Killed Menkaure
  5676 | D:6      | Reached skill level 5 in Axes
  5790 | D:6      | Reached XP level 9. HP: 61/72 MP: 10/10
  5801 | D:6      | Noticed Duvessa
  5801 | D:6      | Noticed Dowan
  5812 | D:6      | Killed Dowan
  5815 | D:6      | Killed Duvessa
  5815 | D:6      | Reached skill level 5 in Fighting
  5815 | D:6      | Reached skill level 6 in Axes
  5869 | D:6      | Found Laineif's Antique Weapon Boutique.
  5995 | D:6      | Found Bajosm's Antique Armour Emporium.
  5998 | D:6      | Found Qiakhon's Gadget Emporium.
  6000 | D:6      | Found Xofot's Book Shoppe.
  6225 | D:6      | Reached ** piety under Qazlal
  6336 | D:6      | Bought a jewelled ring mail for 216 gold pieces
  6347 | D:6      | Identified the cursed +0 ring mail of Kleptomania {+Blink
                  | Regen+ Int-3} (You bought it in a shop on level 6 of the
                  | Dungeon)
  6491 | D:7      | Reached skill level 7 in Axes
  7016 | D:7      | Noticed Prince Ribbit
  7029 | D:7      | Killed Prince Ribbit
  7029 | D:7      | Reached skill level 1 in Evocations
  7193 | D:7      | Reached skill level 8 in Axes
  7275 | D:7      | Reached XP level 10. HP: 77/83 MP: 11/11
  7396 | D:8      | Found Qifehoix's Gadget Shoppe.
  7419 | D:8      | Noticed Harold
  7729 | D:8      | Found a white marble altar of Elyvilon.
  8071 | D:8      | Noticed a two-headed ogre
  8084 | D:8      | Killed a two-headed ogre
  8084 | D:8      | Reached skill level 9 in Axes
  8137 | D:8      | Killed Harold
  8619 | D:9      | Noticed Erica
  8858 | D:8      | Killed Erica
  8935 | D:9      | Reached *** piety under Qazlal
  8936 | D:9      | Reached skill level 10 in Axes
  9088 | D:9      | Noticed a four-headed hydra
  9297 | D:9      | Reached XP level 11. HP: 81/92 MP: 10/12
  9322 | D:9      | Reached skill level 1 in Long Blades
  9340 | D:9      | HP: 4/91 [polar bear (16)]
  9348 | D:9      | Demolished by a polar bear

Illustrated notes

Levels and vault maps discovered:
D:1:      giann_bridges, layout_basic
D:2:      layout_rooms, first_ration, serial_co_window_serial,
          co_window_paths_b, co_window_paths_b, co_window_paths_b,
          co_window_paths_a, co_window_corner_a, co_window_broadway_a,
          co_window_paths_c, co_window_2corner, co_window_of_opportunity_c,
          co_window_unsneaky_path_a, glass_columns_a, glass_columns_c
D:3:      layout_loops_ring
D:4:      layout_rooms, kennysheep_mini_moat, tgw_trog,
          minmay_temple_entry_from_below_a,
          nicolae_ossuary_entry_false_entrances, uniq_grinder
D:5:      layout_rooms, overflow_temple_1_default, gammafunk_ghost_necromancy,
          uniq_ijyb, uniq_menkaure
D:6:      layout_loops_ring, serial_shops, shop, shop, shop, shop, uniq_duvessa
D:7:      layout_basic, uniq_prince_ribbit1
D:8:      layout_layer_cave, elyvilon_altar_1, serial_shops, shop_fountains,
          uniq_harold
D:9:      layout_loops_ring, nicolae_overflow_hidden_temple, basic_altar,
          serial_ice, serial_ice_e, serial_ice_i, serial_ice_b, serial_ice_o,
          serial_ice_d, serial_ice_c, serial_ice_f, blue_anna_alchemist
          [blue_anna_fruit_fields, blue_anna_fruit_fields], uniq_maurice,
          uniq_erica
Temple:   regret_index_temple_sphere_string

Skill      XL: |  1  2  3  4  5  6  7  8  9 10 11 |
---------------+----------------------------------+-----
Fighting       | 1 2 3 4 5 7 |  7.2
Dodging        | 2 3 4 |  4.6
Unarmed Combat | 1 2 3 4 6 |  6.6
Axes           | 3 5 8 10 | 10.1
Armour         | 1 2 3 4 |  4.0
Evocations     | 2 3 |  3.6
Long Blades    | 1 |  1.8
Throwing       | |  0.6
Stealth        | |  2.1
Spellcasting   | |  1.7
Conjurations   | |  0.7
Air Magic      | |  2.4

Action                   |  1- 3 |  4- 6 |  7- 9 | 10-12 || total
-------------------------+-------+-------+-------+-------++-------
Melee: Unarmed           |    80 |   305 |    80 |       ||   465
       Punch             |       |     2 |     4 |     4 ||    10
       War axe           |       |       |   291 |   125 ||   416
       Scimitar          |       |       |       |    41 ||    41
Throw: Boomerang         |       |       |     3 |       ||     3
       Dart              |       |       |       |     2 ||     2
 Cast: Shock             |    11 |    24 |     8 |     1 ||    44
 Abil: Evoke Blink       |       |       |       |     1 ||     1
  Use: Scroll            |       |     3 |     5 |     4 ||    12
       Potion            |       |       |     2 |       ||     2
 Stab: Sleeping          |       |     4 |     2 |       ||     6
  Eat: Chunk             |    10 |    22 |    44 |    20 ||    96
       Ration            |       |       |     1 |       ||     1
Armor: Robe              |    17 |    58 |     3 |       ||    78
       Leather armour    |       |       |    52 |       ||    52
       Ring mail         |       |       |    43 |   112 ||   155
Dodge: Dodged            |    62 |   147 |   319 |   223 ||   751
Block: Other             |       |       |    19 |    45 ||    64
       Rpst.: Scimitar   |       |       |       |    14 ||    14
